[Event "ICC tourney 3043 (15 5)"]
[Site "Internet Chess Club"]
[Date "2022.10.30"]
[Round "3"]
[White "CHEN, ALEXANDER:AlexanderChen-W"]
[Black "HU, DEREK:DerekHu-W"]
[Result "0-1"]
[ICCResult "White checkmated"]
[WhiteElo "395"]
[BlackElo "768"]
[Opening "Giuoco Piano"]
[ECO "C50"]
[NIC "IG.02"]
[Time "14:00:26"]
[PlyCount "86"]
[TimeControl "900+5"]

1. e4 e5 2. Nf3 Nc6 3. Bc4 Bc5 4. Nc3 d6 5. h3 Nf6 6. d3 h6 7. Be3 Nd4 8.
Bxd4 Bxd4 9. Nxd4 exd4 10. Nd5 Nxd5 11. Bxd5 O-O 12. O-O c6 13. Bc4 Qg5 14.
Qf3 b5 15. Bb3 a5 16. a4 bxa4 17. Bxa4 c5 18. Qg3 Qxg3 19. fxg3 Rb8 20. Bb3
Ba6 21. Rxa5 Bxd3 22. cxd3 Rxb3 23. Ra6 Rd8 24. Ra7 Rf8 25. Ra6 Rxd3 26.
Rxd6 Rxg3 27. Rc6 Re3 28. Rxc5 Rxe4 29. Rc4 Rfe8 30. Rcc1 d3 31. Rcd1 Re3
32. Kf2 Re2+ 33. Kg1 d2 34. b4 Rb8 35. Rb1 Re4 36. Rfd1 Rd4 37. Kf2 Re8 38.
Kg1 Re2 39. Rb2 Re1+ 40. Rxe1 dxe1=Q+ 41. Kh2 Rd2 42. Rb3 Qe5+ 43. Kh1 Rd1#
{White checkmated}
0-1

[Event "ICC tourney 3043 (15 5)"]
[Site "Internet Chess Club"]
[Date "2022.10.30"]
[Round "3"]
[White "LI, MARY:MaryLi-W"]
[Black "XIANGBO GU, ANDREW:AndrewGu-WING"]
[Result "1-0"]
[ICCResult "Black checkmated"]
[WhiteElo "527"]
[BlackElo "851"]
[Opening "Four knights: Spanish, classical defense"]
[ECO "C48"]
[NIC "KP.03"]
[Time "14:00:23"]
[PlyCount "93"]
[TimeControl "900+5"]

1. e4 e5 2. Nc3 Nc6 3. Nf3 Nf6 4. Bb5 Bc5 5. Bxc6 dxc6 6. Nxe5 Qd4 7. Nd3
Nxe4 8. O-O Nxc3 9. bxc3 Qd6 10. h3 O-O 11. Bb2 Be6 12. Nxc5 Qxc5 13. d3
Rad8 14. c4 Qg5 15. Re1 Bxh3 16. g3 Be6 17. Re5 Qg6 18. Qd2 Bxc4 19. Rg5 Qh6
20. Rxg7+ Qxg7 21. Bxg7 Kxg7 22. Qg5+ Kh8 23. dxc4 Rg8 24. Qf6+ Rg7 25.
Qxd8+ Rg8 26. Qf6+ Rg7 27. Rd1 h5 28. Rd8+ Kh7 29. Rf8 b5 30. Rxf7 Rxf7 31.
Qxf7+ Kh6 32. cxb5 cxb5 33. Qxc7 Kg5 34. Qc5+ Kg4 35. Qxb5 Kf3 36. Qxh5+ Ke4
37. c4 Kd4 38. c5 a5 39. c6 a4 40. Qa5 a3 41. Qxa3 Kc4 42. Qd6 Kb5 43. c7
Ka5 44. c8=Q Kb5 45. Qdb8+ Ka5 46. Qcc7+ Ka4 47. Qca7# {Black checkmated}
1-0

[Event "ICC tourney 3043 (15 5)"]
[Site "Internet Chess Club"]
[Date "2022.10.30"]
[Round "3"]
[White "YEE, SAMANTHA:SamanthaYee-W"]
[Black "ZHEN JR, ANDREW:AndrewZhen-W"]
[Result "0-1"]
[ICCResult "White checkmated"]
[WhiteElo "453"]
[BlackElo "827"]
[Opening "Four knights: Gunsberg variation"]
[ECO "C47"]
[NIC "KP.06"]
[Time "14:00:25"]
[PlyCount "88"]
[TimeControl "900+5"]

1. e4 e5 2. Nf3 Nc6 3. Nc3 Nf6 4. a3 Bc5 5. Nxe5 Nxe5 6. d4 Bd6 7. dxe5 Bxe5
8. f3 Bxc3+ 9. bxc3 O-O 10. Bd3 d6 11. Bb2 Be6 12. c4 c6 13. Qd2 h6 14. g4
Qe7 15. Rg1 Nh7 16. f4 Qh4+ 17. Kd1 Bxg4+ 18. Be2 Bxe2+ 19. Qxe2 f6 20.
Rxg7+ Kxg7 21. Qg2+ Kf7 22. e5 dxe5 23. fxe5 Rad8+ 24. Ke2 Qh5+ 25. Ke3 Qg5+
26. Kf3 Qxg2+ 27. Kxg2 fxe5 28. Bxe5 Rd2+ 29. Kf3 Rxc2 30. Ke3 Re8 31. Rf1+
Ke6 32. Kd4 Ra2 33. Ke4 Re2+ 34. Kf4 Rf8+ 35. Kg4 Rxf1 36. Bg3 Nf6+ 37. Kh3
Rf3 38. c5 Ne4 39. a4 Nxg3 40. hxg3 Ree3 41. a5 Rxg3+ 42. Kh4 Rg1 43. a6
bxa6 44. Kh5 Rh3# {White checkmated} 0-1

[Event "ICC tourney 3043 (15 5)"]
[Site "Internet Chess Club"]
[Date "2022.10.30"]
[Round "3"]
[White "YI, JEMERY:JemeryYi-W"]
[Black "PE, KYLE:KylePE-W"]
[Result "1-0"]
[ICCResult "Black checkmated"]
[WhiteElo "962"]
[BlackElo "620"]
[Opening "Giuoco Pianissimo"]
[ECO "C50"]
[NIC "IG.02"]
[Time "14:00:17"]
[PlyCount "111"]
[TimeControl "900+5"]

1. e4 e5 2. Nf3 Nc6 3. Bc4 Bc5 4. d3 h6 5. O-O d6 6. h3 Nf6 7. Nc3 O-O 8.
Be3 Bb6 9. Nd5 Nxd5 10. Bxd5 Na5 11. d4 c6 12. Bb3 Nxb3 13. axb3 exd4 14.
Bxd4 Bxd4 15. Qxd4 Re8 16. Rfe1 f6 17. Rxa7 c5 18. Qa4 Rxa7 19. Qxa7 b5 20.
Qa1 Bb7 21. Nd2 f5 22. exf5 Rxe1+ 23. Qxe1 Qf6 24. Qe6+ Kh7 25. Qxf6 gxf6
26. f3 d5 27. Kf2 h5 28. Ke3 Kh6 29. g4 Kg5 30. gxh5 Kxf5 31. f4 d4+ 32. Kf2
Ke6 33. c3 dxc3 34. bxc3 f5 35. Kg3 Kf6 36. Kh4 Bd5 37. c4 bxc4 38. bxc4 Bb7
39. Nb3 Ba6 40. Nxc5 Bxc4 41. Nd7+ Ke7 42. Ne5 Kf6 43. Nxc4 Kg7 44. Kg5 Kf7
45. Kxf5 Kg7 46. Ne5 Kh6 47. Ke6 Kg7 48. f5 Kg8 49. f6 Kh8 50. Ke7 Kg8 51.
f7+ Kh7 52. h6 Kxh6 53. f8=Q+ Kg5 54. Qf6+ Kh5 55. Qg6+ Kh4 56. Qg4#
{Black checkmated}
1-0

[Event "ICC tourney 3043 (15 5)"]
[Site "Internet Chess Club"]
[Date "2022.10.30"]
[Round "3"]
[White "HUANG,JAYDEN:JaydenHuang-W"]
[Black "LIAO, JESSIE:JessieLiao-W"]
[Result "0-1"]
[ICCResult "White resigns"]
[WhiteElo "686"]
[BlackElo "878"]
[Opening "Giuoco Pianissimo"]
[ECO "C50"]
[NIC "IG.02"]
[Time "14:00:24"]
[PlyCount "52"]
[TimeControl "900+5"]

1. e4 e5 2. Nf3 Nc6 3. Bc4 Bc5 4. d3 d6 5. h3 Nf6 6. Bg5 h6 7. Bh4 Be6 8.
Bb3 Nd4 9. Nxd4 Bxd4 10. c3 Bb6 11. d4 g5 12. Bxe6 fxe6 13. dxe5 gxh4 14.
exf6 Qxf6 15. Qh5+ Kd7 16. O-O Qg5 17. Qf7+ Qe7 18. Qxe7+ Kxe7 19. Nd2 Rae8
20. Nf3 Rhg8 21. Nxh4 Ref8 22. a4 a5 23. Nf3 Rxf3 24. Kh2 Rf4 25. b4 Rxe4
26. bxa5 Bxa5 {White resigns} 0-1

[Event "ICC tourney 3043 (15 5)"]
[Site "Internet Chess Club"]
[Date "2022.10.30"]
[Round "3"]
[White "HE, ANNA:AnnaHe-W"]
[Black "YU, PHOENIX:PhoenixYu-W"]
[Result "1-0"]
[ICCResult "Black checkmated"]
[WhiteElo "333"]
[BlackElo "648"]
[Opening "Giuoco Piano: four knights variation"]
[ECO "C47"]
[NIC "KP.06"]
[Time "14:01:03"]
[PlyCount "79"]
[TimeControl "900+5"]

1. e4 e5 2. Nf3 Nc6 3. Nc3 Nf6 4. Bc4 Bc5 5. O-O h6 6. d3 O-O 7. Ng5 d6 8.
a3 a5 9. h3 b6 10. Re1 Ng4 11. hxg4 Qxg5 12. Bxg5 hxg5 13. Nd5 Bd7 14. Nxc7
Rac8 15. Nb5 g6 16. Nxd6 Rcd8 17. Nb5 Kg7 18. Nd6 Be6 19. Nb7 Rb8 20. Nxc5
Rbe8 21. Bxe6 fxe6 22. c3 Rh8 23. d4 Rh4 24. dxe5 Nxe5 25. f3 Rc8 26. Nxe6+
Kf7 27. Nxg5+ Kf6 28. Nh3 Nc4 29. Nf2 Nxb2 30. Qd6+ Kg5 31. Qe7+ Kf4 32.
Qxh4 Rxc3 33. Nh3+ Ke5 34. f4+ Kd4 35. Qf2+ Kc4 36. Qxb2 Rb3 37. Rec1+ Kb5
38. Qxb3+ Ka6 39. Rab1 a4 40. Qxb6# {Black checkmated} 1-0

[Event "ICC tourney 3043 (15 5)"]
[Site "Internet Chess Club"]
[Date "2022.10.30"]
[Round "3"]
[White "HU, SHIRLEY:ShirleyHu-W"]
[Black "RUIYI SONG, EMILY:EmilySong-W"]
[Result "0-1"]
[ICCResult "White checkmated"]
[WhiteElo "380"]
[BlackElo "743"]
[Opening "Giuoco Pianissimo: Italian four knights variation"]
[ECO "C50"]
[NIC "IG.02"]
[Time "14:00:27"]
[PlyCount "96"]
[TimeControl "900+5"]

1. e4 e5 2. Nf3 Nc6 3. Bc4 Bc5 4. Nc3 Nf6 5. d3 h6 6. O-O d6 7. h3 O-O 8.
Be3 Bxe3 9. fxe3 Na5 10. a3 Nxc4 11. dxc4 Be6 12. Qd3 c6 13. b4 a5 14. bxa5
Qxa5 15. a4 Qc5 16. Rab1 Bxc4 17. Qd1 Bxf1 18. Qxf1 Qxe3+ 19. Qf2 Qxc3 20.
Rxb7 Nxe4 21. Qb6 Qa1+ 22. Kh2 Qxa4 23. Qb4 Qxb4 24. Rxb4 Nf6 25. Rb6 Rfc8
26. Rb4 Ra2 27. c4 e4 28. Ng1 e3 29. Rb1 Re8 30. Re1 Rd2 31. Nf3 Rd3 32. Re2
c5 33. Kg3 g5 34. Ne1 Rd2 35. Rxd2 exd2 36. Nf3 d1=Q 37. h4 d5 38. hxg5 hxg5
39. Nxg5 Qd3+ 40. Kf4 Qxc4+ 41. Kf5 Qf1+ 42. Nf3 Qxg2 43. Nh4 Qf2+ 44. Kg5
Nh7+ 45. Kh6 Re6+ 46. Kh5 Qe2+ 47. Nf3 Qxf3+ 48. Kh4 Rh6# {White checkmated}
0-1

[Event "ICC tourney 3043 (15 5)"]
[Site "Internet Chess Club"]
[Date "2022.10.30"]
[Round "3"]
[White "CHENHE ZUO, ALEX:AlexZuo-W"]
[Black "GONG, JONATHAN:JonathanGong-W"]
[Result "1-0"]
[ICCResult "Black checkmated"]
[WhiteElo "894"]
[BlackElo "861"]
[Opening "Queen's pawn: London system"]
[ECO "A45"]
[NIC "QP.07"]
[Time "14:00:08"]
[PlyCount "93"]
[TimeControl "900+5"]

1. d4 Nf6 2. Bf4 e6 3. e3 d5 4. Nf3 c5 5. Nc3 Nc6 6. Nb5 Qa5+ 7. c3 Kd7 8.
Nc7 Rb8 9. Nxe6 Bd6 10. Nxc5+ Ke7 11. Bxd6+ Kxd6 12. Nb3 Qc7 13. Bd3 Bg4 14.
Be2 Be6 15. h3 Rhe8 16. O-O h5 17. Rc1 Ne4 18. Nbd2 Nxd2 19. Qxd2 f6 20. c4
g5 21. cxd5 Bxd5 22. Bc4 Bxc4 23. Rxc4 Kd5 24. Rc5+ Kd6 25. Rcc1 Kd5 26. Qd3
g4 27. Nd2 gxh3 28. Qf5+ Kd6 29. Qxh3 Qa5 30. Nc4+ Kd5 31. Nxa5 Nxa5 32.
Qf5+ Kd6 33. Qxa5 h4 34. Qc7+ Ke6 35. d5+ Kf5 36. Qf4+ Kg6 37. Qg4+ Kf7 38.
Rc7+ Re7 39. Qe6+ Kg6 40. Rxe7 h3 41. Qg4+ Kh6 42. Qg7+ Kh5 43. Qxf6 h2+ 44.
Kxh2 Kg4 45. Rg7+ Kh5 46. Qf5+ Kh4 47. Qh3# {Black checkmated} 1-0

[Event "ICC tourney 3043 (15 5)"]
[Site "Internet Chess Club"]
[Date "2022.10.30"]
[Round "3"]
[White "XU, AMY:AmyXu-W"]
[Black "XIHAO NING, SEAN:SeanNing-W"]
[Result "1-0"]
[ICCResult "Black checkmated"]
[WhiteElo "393"]
[BlackElo "418"]
[Opening "QGD: Albin counter-gambit, 5.g3"]
[ECO "D09"]
[NIC "QG.02"]
[Time "14:00:22"]
[PlyCount "115"]
[TimeControl "900+5"]

1. d4 d5 2. c4 e5 3. dxe5 d4 4. Nf3 Nc6 5. g3 Be6 6. b3 Bb4+ 7. Bd2 Qe7 8.
Bg2 O-O-O 9. O-O Qd7 10. Bxb4 Nxb4 11. Qd2 Nc6 12. Rd1 Bh3 13. Ng5 Bxg2 14.
Kxg2 Nh6 15. Nf3 Ng4 16. Qf4 Nb4 17. Qe4 f6 18. e6 Qc6 19. Qxc6 bxc6 20. Rd2
d3 21. exd3 Nxd3 22. Nc3 Rhe8 23. h3 Ne3+ 24. fxe3 Rxe6 25. e4 g6 26. Rad1
Red6 27. Kf1 Nb2 28. Rxd6 Rxd6 29. Rxd6 cxd6 30. Ne1 f5 31. exf5 gxf5 32.
Ke2 Kd7 33. Kd2 Ke6 34. Kc2 Nxc4 35. bxc4 d5 36. cxd5+ cxd5 37. Nd3 d4 38.
Nb5 a6 39. Nxd4+ Kd5 40. Nxf5 Ke4 41. Nd6+ Kd4 42. g4 Kd5 43. Nf7 Ke6 44.
Ng5+ Kf6 45. Nxh7+ Kg6 46. Nf8+ Kg5 47. Nf2 Kh4 48. Kc3 Kg3 49. g5 Kxf2 50.
g6 Kg3 51. g7 Kxh3 52. g8=Q Kh4 53. Qg6 Kh3 54. Qg5 Kh2 55. Kd3 a5 56. Ke3
a4 57. Kf2 a3 58. Qg2# {Black checkmated} 1-0

[Event "ICC tourney 3043 (15 5)"]
[Site "Internet Chess Club"]
[Date "2022.10.30"]
[Round "3"]
[White "LIANG, MINGYOU:MingyouLiang-W"]
[Black "CHEN JR, DORA:DoraChen-W"]
[Result "1-0"]
[ICCResult "Black checkmated"]
[WhiteElo "283"]
[BlackElo "162"]
[Opening "Giuoco Pianissimo: Italian four knights variation"]
[ECO "C47"]
[NIC "KP.06"]
[Time "14:12:45"]
[PlyCount "109"]
[TimeControl "900+5"]

1. e4 e5 2. Nf3 Nc6 3. Nc3 Nf6 4. Bc4 Bc5 5. d3 h6 6. Be3 O-O 7. Bxc5 d6 8.
Be3 a6 9. O-O Bg4 10. h3 Be6 11. Bxe6 fxe6 12. d4 exd4 13. Nxd4 Nb4 14. Nxe6
Qe8 15. Nxf8 Qxf8 16. a3 Nc6 17. e5 Nxe5 18. Bd4 Nc4 19. Bxf6 Qxf6 20. Qd5+
Qf7 21. Qxf7+ Kxf7 22. b3 Ne5 23. Nd5 c6 24. Nc7 Ra7 25. Rfd1 b5 26. Nxb5
axb5 27. Rxd6 c5 28. Rd5 Nd7 29. Rf5+ Nf6 30. g4 Rb7 31. g5 hxg5 32. Rxg5
Ne4 33. Rf5+ Nf6 34. Rxc5 Ne4 35. Re5 Nc3 36. Re3 Nd5 37. Rf3+ Nf6 38. a4 b4
39. a5 Ra7 40. Rf4 g5 41. Rxb4 Nd7 42. h4 gxh4 43. Rxh4 Ne5 44. Rh7+ Ke6 45.
Rxa7 Nc6 46. Ra6 Kd5 47. Rd1+ Kc5 48. Re1 Nb4 49. Re5+ Kd4 50. Rae6 Nxc2 51.
a6 Nb4 52. a7 Nc6 53. Re4+ Kd5 54. a8=Q Kc5 55. Qxc6# {Black checkmated} 1-0

[Event "ICC tourney 3043 (15 5)"]
[Site "Internet Chess Club"]
[Date "2022.10.30"]
[Round "3"]
[White "LIEN, ISAAC:IsaacLien-W"]
[Black "WANG, OLIVER:OliverWang-W"]
[Result "1-0"]
[ICCResult "Black checkmated"]
[WhiteElo "683"]
[BlackElo "876"]
[Opening "Giuoco Pianissimo: Italian four knights variation"]
[ECO "C24"]
[NIC "IG.04"]
[Time "14:00:14"]
[PlyCount "133"]
[TimeControl "900+5"]

1. e4 e5 2. Bc4 Nf6 3. d3 Bc5 4. Nf3 Nc6 5. Nc3 O-O 6. Bg5 h6 7. Bh4 Be7 8.
O-O d6 9. h3 Be6 10. Bb3 Nd4 11. Re1 Nxf3+ 12. Qxf3 Bxb3 13. axb3 Nd7 14.
Bxe7 Qxe7 15. Nd5 Qd8 16. Qe3 Nb6 17. Red1 Nxd5 18. exd5 a6 19. d4 exd4 20.
Qxd4 c5 21. dxc6 bxc6 22. Qxd6 Qxd6 23. Rxd6 Rfc8 24. c4 Kf8 25. Kf1 Ke7 26.
Rd3 Rd8 27. Rxd8 Kxd8 28. Rd1+ Ke7 29. Ke2 a5 30. Re1 Kf6 31. Rd1 Re8+ 32.
Kf3 Re5 33. Rd6+ Kg5 34. Rxc6 Rf5+ 35. Ke2 Re5+ 36. Kf1 Kf4 37. Rc7 Rf5 38.
c5 g5 39. c6 Rc5 40. Rxf7+ Ke5 41. c7 Ke4 42. Rd7 Rc1+ 43. Ke2 Rc2+ 44. Kd1
Rc6 45. Kd2 Ke5 46. Kd3 Ke6 47. Rh7 Kd5 48. Rd7+ Kc5 49. Kc3 Kb6+ 50. Kd4
Rxc7 51. Rxc7 Kxc7 52. Kc5 Kd7 53. b4 a4 54. b5 Kc7 55. h4 gxh4 56. f4 Kd7
57. f5 Ke7 58. b6 Kf6 59. b7 Kxf5 60. b8=Q Kg4 61. Qf8 h5 62. Kd5 h3 63.
gxh3+ Kxh3 64. Qg8 h4 65. Ke4 Kh2 66. Kf3 Kh1 67. Qg2# {Black checkmated}
1-0

[Event "ICC tourney 3043 (15 5)"]
[Site "Internet Chess Club"]
[Date "2022.10.30"]
[Round "3"]
[White "FU, SCOTT:ScottFu-W"]
[Black "GENG, EVAN:EvanGeng-W"]
[Result "0-1"]
[ICCResult "White checkmated"]
[WhiteElo "577"]
[BlackElo "100"]
[Opening "Four knights: double Ruy Lopez"]
[ECO "C49"]
[NIC "KP.03"]
[Time "14:00:28"]
[PlyCount "192"]
[TimeControl "900+5"]

1. e4 e5 2. Nf3 Nc6 3. Nc3 Nf6 4. Bb5 Bb4 5. a3 Ba5 6. Bxc6 dxc6 7. Nxe5 Qd4
8. Nf3 Qc5 9. O-O Bxc3 10. dxc3 Nxe4 11. Qe2 Bf5 12. Re1 O-O 13. Be3 Qe7 14.
b4 Nxc3 15. Qd2 Nb5 16. Bc5 Qf6 17. Bxf8 Rxf8 18. Qe2 h6 19. Rad1 Nc3 20.
Qd2 Nxd1 21. Qxd1 Qc3 22. Nd4 Bd7 23. Re3 Qc4 24. Nf3 Bg4 25. h3 Bxf3 26.
Qxf3 Qxc2 27. Re2 Qd1+ 28. Kh2 Qd6+ 29. g3 Qd1 30. Qe4 Qd7 31. Qc2 Qd5 32.
Rd2 Qe6 33. Re2 Qc8 34. Re7 Re8 35. Rxe8+ Qxe8 36. h4 Qe1 37. Qf5 Qe8 38. a4
g6 39. Qh3 Kh7 40. g4 Qe5+ 41. Kg2 Qe4+ 42. f3 Qxb4 43. Qg3 Qb2+ 44. Kh3 Qb6
45. Qf4 Kg7 46. h5 gxh5 47. gxh5 Qa5 48. Qg4+ Qg5 49. Qd4+ Qf6 50. Qg4+ Qg5
51. Qd4+ Kh7 52. Qc4 Qxh5+ 53. Kg3 Qg6+ 54. Kf2 Kg7 55. Qd4+ Kf8 56. Qd8+
Kg7 57. Qd4+ Kh7 58. Qd7 Qc2+ 59. Kg3 Kg7 60. Qg4+ Qg6 61. Qxg6+ Kxg6 62. f4
f5 63. Kf3 b5 64. a5 b4 65. Ke3 Kh5 66. Kd3 Kg4 67. Kc4 Kxf4 68. Kxb4 h5 69.
Kc5 h4 70. Kxc6 h3 71. Kxc7 h2 72. Kb7 h1=Q+ 73. Kxa7 Qh7+ 74. Kb6 Kg4 75.
a6 f4 76. a7 Qxa7+ 77. Kxa7 f3 78. Kb6 f2 79. Kc6 f1=Q 80. Kc5 Qf5+ 81. Kc4
Qe6+ 82. Kd4 Qd6+ 83. Ke4 Qf4+ 84. Kd3 Qe5 85. Kd2 Qe4 86. Kc3 Kf3 87. Kd2
Qe3+ 88. Kc2 Ke2 89. Kb2 Qd3 90. Ka2 Qc3 91. Kb1 Qd2 92. Ka1 Kd1 93. Kb1 Ke2
94. Ka1 Kd3 95. Kb1 Kc3 96. Ka1 Qb2# {White checkmated} 0-1

[Event "ICC tourney 3043 (15 5)"]
[Site "Internet Chess Club"]
[Date "2022.10.30"]
[Round "4"]
[White "XIA, RYAN:RyanXia-W"]
[Black "ROSS, PHILIP:PhilipRoss-W"]
[Result "0-1"]
[ICCResult "White checkmated"]
[WhiteElo "586"]
[BlackElo "876"]
[Opening "two knights defense: Ulvestad variation"]
[ECO "C57"]
[NIC "KP.01"]
[Time "15:30:28"]
[PlyCount "26"]
[TimeControl "900+5"]

1. e4 e5 2. Nf3 Nc6 3. Bc4 Nf6 4. Ng5 d5 5. exd5 b5 6. Bxb5 Qxd5 7. Bxc6+
Qxc6 8. O-O Bb7 9. Nf3 Bc5 10. d3 O-O 11. Nc3 Rfe8 12. d4 exd4 13. Nxd4
Qxg2# {White checkmated} 0-1

[Event "ICC tourney 3043 (15 5)"]
[Site "Internet Chess Club"]
[Date "2022.10.30"]
[Round "4"]
[White "XU JIA, BYRON:ByronJia-W"]
[Black "SEN WANG, ETHAN:EthanWang-W"]
[Result "1-0"]
[ICCResult "Black checkmated"]
[WhiteElo "949"]
[BlackElo "317"]
[Opening "Petrov three knights game"]
[ECO "C26"]
[NIC "VG.04"]
[Time "15:30:24"]
[PlyCount "29"]
[TimeControl "900+5"]

1. e4 e5 2. Nc3 Nf6 3. Nf3 Bb4 4. Be2 Nc6 5. O-O O-O 6. Bd3 d6 7. Nd5 Nxd5
8. exd5 Nd4 9. c3 Bxc3 10. dxc3 Nxf3+ 11. Qxf3 Re8 12. Qe4 Kf8 13. Qxh7 Ke7
14. Bg5+ f6 15. Qxg7# {Black checkmated} 1-0

[Event "ICC tourney 3043 (15 5)"]
[Site "Internet Chess Club"]
[Date "2022.10.30"]
[Round "4"]
[White "DENG, CHUTONG:ChutongDeng-W"]
[Black "YEE, EMMA:EmmaYee-W"]
[Result "0-1"]
[ICCResult "White checkmated"]
[WhiteElo "383"]
[BlackElo "196"]
[Opening "Four knights: Spanish variation"]
[ECO "C48"]
[NIC "KP.03"]
[Time "15:31:27"]
[PlyCount "34"]
[TimeControl "900+5"]

1. e4 e5 2. Nf3 Nc6 3. Nc3 Nf6 4. Bb5 d6 5. d3 a6 6. Bxc6+ bxc6 7. Bg5 h6 8.
Bxf6 gxf6 9. O-O Rg8 10. Re1 d5 11. exd5 cxd5 12. d4 Bd6 13. Na4 Kd7 14.
Nc5+ Kc6 15. Qe2 Qf8 16. Nb3 Qg7 17. dxe5 Qxg2# {White checkmated} 0-1

[Event "ICC tourney 3043 (15 5)"]
[Site "Internet Chess Club"]
[Date "2022.10.30"]
[Round "4"]
[White "RUNNAN FAN, LYDIA:LydiaFan-W"]
[Black "WANG, WILLIAM:WilliamWang-W"]
[Result "0-1"]
[ICCResult "White checkmated"]
[WhiteElo "176"]
[BlackElo "131"]
[Opening "Three knights game"]
[ECO "C46"]
[NIC "KP.06"]
[Time "15:30:39"]
[PlyCount "36"]
[TimeControl "900+5"]

1. e4 e5 2. Nf3 Nc6 3. Nc3 Bc5 4. Bb5 a6 5. Bxc6 bxc6 6. O-O d6 7. d3 Nf6 8.
Bg5 h6 9. Bh4 O-O 10. a4 Qe8 11. Bxf6 Qe6 12. Ng5 Qxf6 13. Ne6 Bxe6 14. Qf3
Qg6 15. h4 Bg4 16. Qe3 Bxe3 17. fxe3 Bh3 18. Ne2 Qxg2# {White checkmated}
0-1

[Event "ICC tourney 3043 (15 5)"]
[Site "Internet Chess Club"]
[Date "2022.10.30"]
[Round "4"]
[White "LI, MARY:MaryLi-W"]
[Black "CHEUNG,SHARON:SharonCheung-W"]
[Result "0-1"]
[ICCResult "White checkmated"]
[WhiteElo "527"]
[BlackElo "801"]
[Opening "French defense"]
[ECO "C00"]
[NIC "FR.01"]
[Time "15:30:15"]
[PlyCount "28"]
[TimeControl "900+5"]

1. e4 e6 2. Nc3 d5 3. exd5 exd5 4. d4 Nf6 5. Nf3 Be7 6. Qe2 O-O 7. Bf4 Re8
8. O-O-O Bf5 9. Qe5 Be6 10. Ng5 Bd6 11. Qe3 Bg4 12. Qd3 Bxf4+ 13. Rd2 Re1+
14. Nd1 Rxd1# {White checkmated} 0-1

[Event "ICC tourney 3043 (15 5)"]
[Site "Internet Chess Club"]
[Date "2022.10.30"]
[Round "4"]
[White "ZHEN JR, DANIEL:DanielZhen-W"]
[Black "FAN, MICHAEL:MichaelFan-W"]
[Result "1-0"]
[ICCResult "Black checkmated"]
[WhiteElo "470"]
[BlackElo "225"]
[Opening "Giuoco Piano: four knights variation"]
[ECO "C47"]
[NIC "RG.01"]
[Time "15:30:15"]
[PlyCount "35"]
[TimeControl "900+5"]

1. e4 e5 2. Nf3 Nf6 3. Nc3 Nc6 4. Bc4 Bc5 5. O-O d5 6. exd5 Nd4 7. Nxd4 Bxd4
8. d3 c6 9. dxc6 bxc6 10. Bg5 O-O 11. Qe2 h6 12. Bh4 Bxc3 13. bxc3 Qd6 14.
Qf3 Bg4 15. Qg3 h5 16. h3 Be6 17. Bxf6 Bxc4 18. Qxg7# {Black checkmated} 1-0

[Event "ICC tourney 3043 (15 5)"]
[Site "Internet Chess Club"]
[Date "2022.10.30"]
[Round "4"]
[White "SUANYU LI, RYAN:RyanLi-W"]
[Black "ZHAO, JUSTIN:JustinZhao-W"]
[Result "1-0"]
[ICCResult "Black resigns"]
[WhiteElo "286"]
[BlackElo "808"]
[Opening "Giuoco Pianissimo"]
[ECO "C50"]
[NIC "IG.02"]
[Time "15:30:37"]
[PlyCount "73"]
[TimeControl "900+5"]

1. e4 e5 2. Nf3 Nc6 3. Bc4 Bc5 4. d3 h6 5. Nc3 Nf6 6. Nd5 Nxd5 7. exd5 Nd4
8. Nxd4 Bxd4 9. Qf3 d6 10. c3 Bc5 11. d4 exd4 12. cxd4 Bxd4 13. Qe4+ Qe7 14.
Qxe7+ Kxe7 15. O-O Re8 16. Re1+ Kf8 17. Rxe8+ Kxe8 18. Bb5+ c6 19. dxc6 bxc6
20. Bxc6+ Kd8 21. Bxa8 Be6 22. Bf4 d5 23. Rb1 Bf5 24. Rd1 Bxb2 25. Rxd5+ Bd7
26. Bc6 Kc8 27. Bxd7+ Kd8 28. Bf5+ Ke8 29. Re5+ Kd8 30. Rb5 Bf6 31. Rb7 Ke8
32. Rb8+ Ke7 33. Rb7+ Ke8 34. Rxa7 Kf8 35. Rb7 Ke8 36. a4 Kd8 37. a5
{Black resigns}
1-0

[Event "ICC tourney 3043 (15 5)"]
[Site "Internet Chess Club"]
[Date "2022.10.30"]
[Round "4"]
[White "FAN, RAPHAEL:RaphaelFan-W"]
[Black "KAIZHE HSIAO, LUCAS:LucasHsiao-W"]
[Result "0-1"]
[ICCResult "White checkmated"]
[WhiteElo "267"]
[BlackElo "412"]
[Opening "Four knights: Spanish variation"]
[ECO "C48"]
[NIC "KP.03"]
[Time "15:30:38"]
[PlyCount "140"]
[TimeControl "900+5"]

1. e4 e5 2. Nf3 Nc6 3. Nc3 Nf6 4. Bb5 d5 5. d3 d4 6. Bg5 dxc3 7. bxc3 a6 8.
Bxc6+ bxc6 9. Bxf6 Qxf6 10. O-O Bc5 11. d4 Bb6 12. dxe5 Qg6 13. h4 Bh3 14.
g3 Bxf1 15. Qxf1 O-O-O 16. Rb1 Ba5 17. Qxa6+ Kd7 18. Qxa5 Qxe4 19. Ng5 Qf5
20. e6+ fxe6 21. Qxf5 exf5 22. Nf7 Ke7 23. Nxd8 Rxd8 24. Re1+ Kf6 25. f4 Rd2
26. g4 fxg4 27. a4 Rxc2 28. a5 Ra2 29. Rd1 Rxa5 30. Rd7 Ra3 31. Rxc7 Rxc3
32. h5 c5 33. h6 gxh6 34. Rxh7 Kg6 35. Re7 c4 36. f5+ Kxf5 37. Rg7 Rc2 38.
Kf1 c3 39. Ke1 Rc1+ 40. Ke2 c2 41. Kd2 Rd1+ 42. Kxc2 Re1 43. Rf7+ Ke4 44.
Kd2 g3 45. Re7+ Kf3 46. Rxe1 g2 47. Rg1 Kf2 48. Rxg2+ Kxg2 49. Ke3 h5 50.
Kf4 Kh3 51. Kg5 h4 52. Kh5 Kg3 53. Kg5 h3 54. Kh5 h2 55. Kg5 Kg2 56. Kf5
h1=Q 57. Ke5 Qh5+ 58. Ke4 Kg3 59. Kd4 Qg4+ 60. Ke5 Qf4+ 61. Kd5 Kf3 62. Kc5
Ke4 63. Kc4 Qe3 64. Kb4 Qd3 65. Kc5 Ke5 66. Kc6 Qd5+ 67. Kb6 Kd6 68. Ka7 Qb3
69. Ka8 Kc6 70. Ka7 Qb7# {White checkmated} 0-1

[Event "ICC tourney 3043 (15 5)"]
[Site "Internet Chess Club"]
[Date "2022.10.30"]
[Round "4"]
[White "XIE, RICKY:RickyXie-W"]
[Black "ZHOU, JERRY:JerryZhou-W"]
[Result "1-0"]
[ICCResult "Black resigns"]
[WhiteElo "393"]
[BlackElo "211"]
[Opening "Four knights: Italian variation"]
[ECO "C55"]
[NIC "IG.01"]
[Time "15:30:24"]
[PlyCount "59"]
[TimeControl "900+5"]

1. e4 e5 2. Nf3 Nc6 3. Bc4 Nf6 4. Nc3 Nxe4 5. Nxe4 d5 6. Bd3 dxe4 7. Bxe4
Bg4 8. h3 Bh5 9. O-O Nd4 10. c3 Nxf3+ 11. Bxf3 Bc5 12. Bxh5 O-O 13. b4 Bd6
14. d4 exd4 15. Qxd4 Qe7 16. Bb2 Qg5 17. c4 f6 18. Qd5+ Kh8 19. Qxg5 fxg5
20. Bg4 Rae8 21. c5 Bf4 22. g3 Bd2 23. a3 b6 24. cxb6 axb6 25. Rfd1 Be1 26.
Rxe1 Rxe1+ 27. Rxe1 c5 28. b5 c4 29. Re7 Rc8 30. Bxc8 {Black resigns} 1-0

[Event "ICC tourney 3043 (15 5)"]
[Site "Internet Chess Club"]
[Date "2022.10.30"]
[Round "4"]
[White "SHOU, WYATT:WyattShou-W"]
[Black "TIAN, RICHARD:RichardTian-W"]
[Result "1-0"]
[ICCResult "Black checkmated"]
[WhiteElo "203"]
[BlackElo "138"]
[Opening "Giuoco Pianissimo: Canal variation"]
[ECO "C46"]
[NIC "KP.06"]
[Time "15:30:38"]
[PlyCount "73"]
[TimeControl "900+5"]

1. e4 e5 2. Nf3 Nc6 3. Nc3 Bc5 4. Bc4 Nf6 5. d3 d6 6. Bg5 O-O 7. O-O h6 8.
Bh4 Bg4 9. h3 Bxf3 10. Qxf3 g5 11. Bg3 Nh5 12. Qxh5 Nb4 13. Rfc1 d5 14. exd5
Qd7 15. Qxh6 Rfe8 16. Qxg5+ Kh8 17. a3 Rg8 18. Qh5+ Kg7 19. Qg5+ Kh8 20.
Qxe5+ f6 21. Qxf6+ Kh7 22. axb4 Bxb4 23. Re1 Bxc3 24. bxc3 Rgf8 25. Qh4+ Kg6
26. Re6+ Kf7 27. Qf4+ Kg7 28. Qd4+ Kf7 29. Rae1 c6 30. R1e5 cxd5 31. Bxd5
Rae8 32. Rxe8+ Kf6 33. Rxf8+ Kg7 34. Rff5 Kh7 35. Rh5+ Kg7 36. Ref5+ Kg6 37.
Qg4# {Black checkmated} 1-0